 Dungeon Crawl Stone Soup version 0.22-a0-402-ga933591 (webtiles) character file.

10505 GameOver the Shooter (level 11, -3/90 HPs)
             Began as a Naga Wizard on May 6, 2018.
             Was a High Priest of Cheibriados.
             Slain by a slime creature (9 damage)
             ... on level 10 of the Dungeon.
             The game lasted 01:05:24 (8475 turns).

GameOver the Shooter (Naga Wizard)                  Turns: 8475, Time: 01:05:26

Health: -3/90      AC: 13    Str: 22    XL:     11   Next: 63%
Magic:  9/15       EV: 19    Int: 35    God:    Cheibriados [*****.]
Gold:   186        SH:  0    Dex: 23    Spells: 10/16 levels left

rFire    . . .     SeeInvis +   w - +3 great sword
rCold    . . .     Gourm    .   (shield currently unavailable)
rNeg     . . .     Faith    .   r - +0 leather armour
rPois    +         Spirit   .   P - +0 helmet
rElec    .         Reflect  .   p - +2 cloak
rCorr    .         Harm     .   y - +2 pair of gloves {archery}
MR       +....                  (no barding)
Stlth    +++.......             (no amulet)
HPRegen  0.25/turn              v - +3 ring of evasion
MPRegen  0.14/turn              E - +3 ring of evasion

@: very slow
A: large, see invisible, deformed body, poison resistance, slowness 2, slow
metabolism 1, spit poison 1, AC +3
a: Spit Poison, Bend Time, Temporal Distortion, Slouch, Step From Time, Renounce
Religion


You were on level 10 of the Dungeon.
You worshipped Cheibriados.
Cheibriados was extremely pleased with you.
You were hungry.

You visited 2 branches of the dungeon, and saw 12 of its levels.

You collected 518 gold pieces.
You spent 332 gold pieces at shops.

Inventory:

Hand Weapons
 a - a +3 short sword
 g - a +0 long sword
 q - a +0 shortbow
 s - a +1 flail of holy wrath
 w - a +3 great sword (weapon)
Missiles
 l - 117 arrows
 B - 134 bolts
Armour
 p - a +2 cloak (worn)
 r - a +0 leather armour (worn)
 y - a +2 pair of gloves of archery (worn)
 D - a +2 buckler of protection
 P - a +0 helmet (worn)
Magical Staves
 J - an uncursed staff of wizardry
Jewellery
 v - a +3 ring of evasion (left hand)
 E - a +3 ring of evasion (right hand)
 H - an uncursed ring of flight
 L - an uncursed ring of magical power
 O - an uncursed amulet of faith {unknown}
Wands
 b - a wand of digging (27)
 o - a wand of polymorph (10)
 G - a wand of flame (72)
 I - a wand of paralysis (30)
Scrolls
 c - 3 scrolls of fear
 f - 4 scrolls of teleportation
 j - a scroll of amnesia
 n - a scroll of fog
 t - 2 scrolls of identify
 x - a scroll of enchant weapon
 Q - 2 scrolls of remove curse
Potions
 e - 2 potions of brilliance
 h - 2 potions of ambrosia
 i - 3 potions of berserk rage {unknown}
 k - 3 potions of mutation
 m - 2 potions of might
 u - a potion of cancellation
 z - 5 potions of curing
 C - 2 potions of lignification {unknown}
 F - 2 potions of resistance
 K - a potion of degeneration {unknown}
 M - a potion of agility
 N - a potion of heal wounds {unknown}
Comestibles
 d - 14 rations


   Skills:
 + Level 3.5 Fighting
 - Level 6.3(7.6) Short Blades
 + Level 6.4(7.7) Long Blades
 + Level 7.2 Bows
 - Level 5.0 Armour
 - Level 5.0 Dodging
 - Level 4.0 Stealth
 - Level 3.4 Shields
 - Level 3.0 Spellcasting
 - Level 6.0 Conjurations
   Level 1.0 Summonings
 - Level 4.0 Translocations
 - Level 5.1 Poison Magic
 + Level 0.9 Invocations


You had 10 spell levels left.
You knew the following spells:

 Your Spells              Type           Power        Failure   Level  Hunger
a - Magic Dart            Conj           ####         1%          1    None
b - Blink                 Tloc           N/A          1%          2    None
s - Mephitic Cloud        Conj/Pois/Air  ####....     3%          3    ##.....


Dungeon Overview and Level Annotations

Branches:
Dungeon (11/15)            Temple (1/1) D:5            Lair (0/6) D:10
    Orc: D:9-12

Altars:
Ashenzari
Cheibriados
Dithmenos
Elyvilon
Fedhas
Gozag
Hepliaklqana
Kikubaaqudgha
Makhleb
Nemelex Xobeh
Okawaru
Qazlal
Ru
Sif Muna
Trog
Uskayaw
Vehumet
Wu Jian
Xom
Yredelemnul
Zin
The Shining One

Shops:
D:4 (   D:5 }*?*   D:7 [


Innate Abilities, Weirdness & Mutations

You cannot wear boots.
Your serpentine skin is tough. (AC +3)
You have supernaturally acute eyesight. (SInv)
Armour fits poorly on your strangely shaped body.
Your system is resistant to poisons. (rPois)
You cover ground very slowly.
You have a slow metabolism.
You can spit poison.


Message History

Wield which item (- for none, * to show all)? (? for menu, Esc to quit)
w - a +3 great sword (weapon)
The slime creature hits you!
* * * LOW HITPOINT WARNING * * *
Unknown command.
You barely miss the slime creature.
The slime creature is almost dead.
The crimson imp completely misses you. The slime creature barely misses you.
The slime creature hits you!
* * * LOW HITPOINT WARNING * * *
The crimson imp completely misses you.
You riposte.
You closely miss the crimson imp. You slice the slime creature!!
You kill the slime creature!
Cheibriados appreciates the change of pace.
The slime creature hits you!
* * * LOW HITPOINT WARNING * * *
The crimson imp hits you but does no damage.
The slime creature hits you!
You die...

....## #(.#####..............
#....#######...##................
###.....#...#...>................
###.......((................<....
#...#...ยง.(.(((...)#..........##.
#.#####.)..........#....<....####
..# #...(...(....#.........# # .##
#.((......5.##.........# # ##
###.#..(#..J@####.......#####
#.......(.##.##........## #..
#......##.......###########..
#####.....)......................
.......[[...............###......
....................###.......#..
....#.......###.............#####
..........########.........## ##
....).#######..............#####.


You could see a slime creature and a crimson imp.

Vanquished Creatures
  A two-headed ogre (D:9)
  2 slime creatures (D:10)
  2 hippogriffs
  Sigmund (D:2)
  20 yaks
  A wyvern (D:10)
  Grum (D:8)
  A wraith (D:10)
  A hungry ghost (D:9)
  Menkaure (D:7)
  2 hell hounds (D:10)
  5 orc warriors
  3 sky beasts
  A black bear (D:10)
  6 ogres
  A necrophage (D:7)
  2 ice beasts
  3 centaurs
  3 phantoms
  2 wolves (D:8)
  A big kobold (D:10)
  3 bullfrogs
  3 scorpions
  A water moccasin skeleton (D:10)
  14 killer bees
  4 wights
  6 howler monkeys
  4 crimson imps
  A bullfrog zombie (D:9)
  9 orc priests
  A centaur zombie (D:9)
  5 jellies
  A centaur skeleton (D:9)
  3 hounds
  2 bullfrog skeletons
  2 iguanas
  8 orc wizards
  11 worker ants
  A hound skeleton (D:8)
  A worker ant zombie (D:7)
  13 adders
  11 gnolls
  5 oozes (D:10)
  An adder zombie (D:9)
  An adder skeleton (D:4)
  3 worms
  2 dart slugs
  7 leopard geckos
  45 orcs
  3 ball pythons
  5 bats
  8 giant cockroaches
  5 goblins
  10 hobgoblins
  14 jackals
  A quokka (D:6)
  4 frilled lizards
  A jackal zombie (D:6)
  7 kobolds
  A leopard gecko skeleton (D:5)
  10 rats
297 creatures vanquished.

Vanquished Creatures (others)
  A killer bee (D:9)
1 creature vanquished.

Grand Total: 298 creatures vanquished

Notes
Turn   | Place    | Note
-------+----------+-------------------------------------------
     0 | D:1      | GameOver the Naga Wizard began the quest for the Orb.
     0 | D:1      | Reached XP level 1. HP: 15/15 MP: 4/4
    75 | D:1      | Reached XP level 2. HP: 22/22 MP: 3/6
   505 | D:2      | Reached XP level 3. HP: 24/28 MP: 4/7
   509 | D:2      | Learned a level 2 spell: Blink
   513 | D:2      | Learned a level 3 spell: Mephitic Cloud
   517 | D:2      | Found a shimmering altar of Xom.
   605 | D:2      | Noticed Sigmund
   667 | D:2      | Killed Sigmund
   667 | D:2      | Reached skill level 5 in Conjurations
   667 | D:2      | Reached XP level 4. HP: 25/36 MP: 5/8
   667 | D:2      | Reached XP level 5. HP: 29/42 MP: 5/9
   906 | D:2      | Found a bloodstained altar of Trog.
   906 | D:2      | Found a blossoming altar of Fedhas.
   997 | D:3      | Reached skill level 1 in Poison Magic
   997 | D:3      | Reached XP level 6. HP: 49/49 MP: 7/10
  1263 | D:3      | Found a shadowy altar of Dithmenos.
  1621 | D:3      | Reached skill level 1 in Short Blades
  1667 | D:3      | Found a glowing golden altar of the Shining One.
  1741 | D:4      | Noticed a sky beast
  1756 | D:4      | Killed a sky beast
  1756 | D:4      | Reached XP level 7. HP: 55/55 MP: 4/11
  2055 | D:4      | Reached skill level 1 in Shields
  2128 | D:4      | Found Juojoy's Antique Weapon Boutique.
  2362 | D:5      | Entered Level 5 of the Dungeon
  2427 | D:5      | Found Omisism's Magic Scroll Shoppe.
  2432 | D:5      | Found Izxullan's Assorted Antiques.
  2436 | D:5      | Bought a scroll of blinking for 112 gold pieces
  2436 | D:5      | Bought a scroll of enchant armour for 112 gold pieces
  2436 | D:5      | Bought a scroll of identify for 30 gold pieces
  2437 | D:5      | Bought a scroll of noise for 15 gold pieces
  2458 | D:5      | Found a glowing golden altar of the Shining One.
  2464 | D:5      | Found Rohoiw's Gadget Shoppe.
  2470 | D:5      | Found Ajigeot's General Store.
  2501 | D:5      | Reached skill level 5 in Poison Magic
  2501 | D:5      | Reached XP level 8. HP: 34/62 MP: 5/12
  2752 | D:5      | Found a staircase to the Ecumenical Temple.
  2766 | Temple   | Entered the Ecumenical Temple
  3609 | D:6      | Found an iron altar of Okawaru.
  3818 | D:6      | Reached skill level 5 in Short Blades
  4292 | D:7      | Found Fear's Armour Emporium.
  4300 | D:7      | Bought a +0 helmet for 63 gold pieces
  4383 | D:7      | Reached XP level 9. HP: 59/68 MP: 7/13
  4393 | D:7      | Reached skill level 1 in Armour
  4506 | Temple   | Became a worshipper of Cheibriados the Contemplative
  4730 | D:7      | You fall through a shaft for 3 floors!
  4730 | D:10     | Entered Level 10 of the Dungeon
  4818 | D:10     | Reached skill level 1 in Bows
  4865 | D:9      | Found a hide-covered altar of Uskayaw.
  4936 | D:8      | Reached * piety under Cheibriados
  4979 | D:8      | Reached skill level 2 in Bows
  5358 | D:8      | Noticed Grum
  5384 | D:8      | Killed Grum
  5384 | D:8      | Reached skill level 3 in Bows
  5420 | D:8      | Reached skill level 5 in Dodging
  5423 | D:8      | Reached XP level 10. HP: 42/75 MP: 8/14
  5539 | D:8      | Reached ** piety under Cheibriados
  5658 | D:8      | Reached skill level 4 in Bows
  5726 | D:8      | Reached skill level 1 in Long Blades
  6113 | D:7      | Found a stormy altar of Qazlal.
  6114 | D:7      | Found a glowing silver altar of Zin.
  6223 | D:7      | Found a radiant altar of Vehumet.
  6483 | D:7      | Noticed Menkaure
  6533 | D:7      | Killed Menkaure
  6611 | D:8      | Reached *** piety under Cheibriados
  6638 | D:8      | Reached skill level 5 in Bows
  6744 | D:9      | Found an ancient bone altar of Kikubaaqudgha.
  6779 | D:8      | Reached skill level 5 in Armour
  7078 | D:9      | Noticed a two-headed ogre
  7079 | D:9      | Reached XP level 11. HP: 73/80 MP: 13/15
  7093 | D:9      | Killed a two-headed ogre
  7093 | D:9      | Reached skill level 5 in Long Blades
  7093 | D:9      | Reached skill level 6 in Bows
  7242 | D:9      | Reached **** piety under Cheibriados
  7478 | D:9      | Reached skill level 1 in Fighting
  7495 | D:9      | Found a burning altar of Makhleb.
  7534 | D:9      | Found a deep blue altar of Sif Muna.
  7793 | D:10     | Reached ***** piety under Cheibriados
  7939 | D:10     | Found a staircase to the Lair.
  7995 | D:10     | Reached skill level 7 in Bows
  8475 | D:10     | Slain by a slime creature

Vault maps used:
D:1:      dpeg_arrival_simpleton_c
D:2:      lemuel_doored_altar, gammafunk_temple_overflow_wave, first_ration,
          uniq_sigmund
D:3:      grunt_dithmenos_smoke, nicolae_tso_swordbearing_angel,
          hangedman_decor_clover_reticule
D:4:      serial_shops, shop_coins
D:5:      minmay_temple_entry_nine_rooms, serial_shops, shop, shop_fountains,
          nicolae_shop_temple_entry_statues_fountains, shop, basic_altar
D:6:      kennysheep_mini_moat
D:7:      kennysheep_mini, gammafunk_temple_overflow_statue, serial_shops,
          shop_fountains, uniq_menkaure
D:8:      uniq_grum
D:9:      overflow_temple_1_default, led_sif_pool, kennysheep_little_box,
          eat_drink_and_be_merry_uskayaw
D:10:     minmay_lair_entry_lava, hangedman_little_slice_of_home
D:11:     orc_0_dummy, st_stairs_11, minmay_librarian
Temple:   chequers_temple_sunken

Skill      XL: |  1  2  3  4  5  6  7  8  9 10 11 |
---------------+----------------------------------+-----
Conjurations   | 2 5 6 |  6.0
Stealth        | 4 |  4.0
Poison Magic   | 1 3 5 |  5.1
Short Blades   | 2 3 5 6 |  6.3
Shields        | 2 3 |  3.4
Dodging        | 3 5 |  5.0
Armour         | 3 5 |  5.0
Bows           | 3 5 7 |  7.2
Long Blades    | 4 6 |  6.4
Translocations | 3 4 |  4.0
Fighting       | 3 |  3.5
Spellcasting   | |  3.0
Summonings     | |  1.0
Invocations    | |  0.9

Action                   |  1- 3 |  4- 6 |  7- 9 | 10-12 || total
-------------------------+-------+-------+-------+-------++-------
Melee: Short sword       |    15 |    28 |   211 |    77 ||   331
       Flail             |       |       |     3 |    10 ||    13
       Great sword       |       |       |       |   159 ||   159
 Fire: Shortbow          |       |       |    32 |   242 ||   274
 Cast: Magic Dart        |    36 |    66 |   135 |    17 ||   254
       Mephitic Cloud    |     1 |     1 |    12 |    22 ||    36
       Blink             |       |       |     4 |    18 ||    22
 Abil: Spit Poison       |    22 |    33 |    66 |    55 ||   176
  Use: Scroll            |     3 |     6 |    11 |     3 ||    23
       Potion            |       |       |     1 |     3 ||     4
 Stab: Sleeping          |     1 |     1 |       |     2 ||     4
       Confused          |       |     1 |     3 |     9 ||    13
  Eat: Chunk             |       |     5 |    12 |     9 ||    26
       Ration            |       |       |     1 |     1 ||     2
Armor: Robe              |     5 |    10 |    12 |       ||    27
       Leather armour    |       |       |    37 |    73 ||   110
Dodge: Dodged            |    14 |    22 |   173 |   275 ||   484
Block: Buckler           |       |       |    19 |       ||    19
       Rpst.: Great sword |       |       |       |    62 ||    62

Table legend:
 A = Spawn XP
 B = Non-spawn XP
 C = Spawn XP percentage of total XP
 D = Spawn monster count
 E = Non-spawn monster count
 F = Spawn count percentage of total count
 G = Total turns spent on level
                    A         B        C        D         E        F      G
               +---------+---------+-------+---------+---------+-------+---------
         Total |       0 |   15008 |   0.0 |       0 |     298 |   0.0 |  8475
               +---------+---------+-------+---------+---------+-------+---------
           D:1 |       0 |      22 |   0.0 |       0 |      15 |   0.0 |   397
           D:2 |       0 |     276 |   0.0 |       0 |      19 |   0.0 |   552
           D:3 |       0 |     251 |   0.0 |       0 |      35 |   0.0 |   782
           D:4 |       0 |     367 |   0.0 |       0 |      12 |   0.0 |   631
           D:5 |       0 |     740 |   0.0 |       0 |      21 |   0.0 |   886
           D:6 |       0 |     638 |   0.0 |       0 |      23 |   0.0 |  1035
           D:7 |       0 |    1440 |   0.0 |       0 |      34 |   0.0 |   901
           D:8 |       0 |    3131 |   0.0 |       0 |      47 |   0.0 |  1278
           D:9 |       0 |    3574 |   0.0 |       0 |      31 |   0.0 |   843
          D:10 |       0 |    4106 |   0.0 |       0 |      58 |   0.0 |   923
          D:11 |       0 |     463 |   0.0 |       0 |       3 |   0.0 |    16
               +---------+---------+-------+---------+---------+-------+---------
